 Dungeon Crawl Stone Soup version 0.31-a0-233-g139696dc86 (webtiles) character file.

Game seed: 4429057683174911132

49 qw the Shooter (level 3, 0/21 HPs)
             Began as a Gargoyle Hexslinger on July 9, 2023.
             Slain by Terence
             ... wielding a +4 hand axe of holy wrath
              (5 damage)
             ... on level 2 of the Dungeon.
             The game lasted 00:00:24 (926 turns).

qw the Shooter (Gargoyle Hexslinger)                 Turns: 926, Time: 00:00:25

Health: 0/21       AC:  6    Str: 11    XL:     3   Next: 75%
Magic:  4/4        EV: 11    Int: 13    God:
Gold:   29         SH:  0    Dex: 14    Spells: 3/4 levels left

rFire   . . .        Y - +2 sling
rCold   . . .        (no shield)
rNeg    + . .        e - +0 leather armour
rPois   inf          (no helmet)
rElec   +            (no cloak)
rCorr   .            (no gloves)
SInv    .            (no boots)
Will    .....        (no amulet)
Stlth   +            (no ring)
HPRegen 0.23/turn    (no ring)
MPRegen 0.09/turn

%: no passive effects
@: no status effects
A: sickness immunity, AC +3, negative energy resistance 1, electricity
resistance, torment resistance 1, petrification resistance
a: no special abilities


You were on level 2 of the Dungeon.
You visited 1 branch of the dungeon, and saw 2 of its levels.

You collected 29 gold pieces.


Innate Abilities, Weirdness & Mutations

You are immune to sickness and miasma.
Your stone body is resilient. (AC +3)
You are immune to poison.
You resist negative energy. (rN+)
You are resistant to electric shocks. (rElec)
You are resistant to unholy torment.
You are immune to petrification.


   Skills:
 - Level 2.1 Fighting
 + Level 3.5 Ranged Weapons
 - Level 1.5 Dodging
 - Level 1.0 Spellcasting
 - Level 2.6 Hexes


You had 3 spell levels left.
You knew the following spells:

 Your Spells              Type           Power      Damage    Failure   Level
a - Slow                  Hex            28%        N/A       12%         1

Your spell library contained the following spells:

 Spells                   Type           Power      Damage    Failure   Level
 Inner Flame              Hex/Fire       4%         N/A       54%         3
 Portal Projectile        Hex/Tloc       8%         N/A       54%         3
 Cause Fear               Hex            3%         N/A       77%         4

Inventory:

Hand Weapons
 Y - a +2 sling (weapon)
Armour
 e - a +0 leather armour (worn)
Scrolls
 a - a scroll of blinking {unknown}
 b - a scroll of noise {unknown}
Potions
 d - a potion of cancellation {unknown}
 f - a potion of curing {unknown}

Dungeon Overview and Level Annotations

Branches:
Dungeon (2/15)

Altars:

Annotations:
D:2 Terence


Message History

You shoot a sling bullet.
The sling bullet hits Terence but does no damage.
Terence is lightly wounded.
You shoot a sling bullet. The sling bullet barely misses Terence.
Terence hits you with a +4 hand axe of holy wrath.
You shoot a sling bullet.
The sling bullet closely misses Terence.
Terence closely misses you.
You shoot a sling bullet.
The sling bullet hits Terence but does no damage.
Terence is lightly wounded.
Terence shouts, "ATTACK!!!"
Terence closely misses you. x2
You shoot a sling bullet.
The sling bullet hits Terence but does no damage.
Terence is lightly wounded.
Terence shouts, "Now you die!" Terence closely misses you.
You shoot a sling bullet.
The sling bullet closely misses Terence.
Terence closely misses you.
You shoot a sling bullet. The sling bullet hits Terence.
Terence is moderately wounded.
Terence hits you with a +4 hand axe of holy wrath.
You shoot a sling bullet. The sling bullet barely misses Terence.
Terence hits you with a +4 hand axe of holy wrath. x2
You shoot a sling bullet. The sling bullet hits Terence.
Terence is moderately wounded.
Terence barely misses you.
You shoot a sling bullet. The sling bullet barely misses Terence.
Terence hits you with a +4 hand axe of holy wrath.
You shoot a sling bullet. The sling bullet hits Terence.
Terence is severely wounded.
Terence hits you with a +4 hand axe of holy wrath.
You shoot a sling bullet.
The sling bullet hits Terence but does no damage.
Terence is severely wounded.
Terence misses you.
Terence hits you with a +4 hand axe of holy wrath.
You die...

#. #.##.. ####. #.##.#
##.... ######.#..#
#.....# #.........#
....... #..>......#
....... #.........#
.......#######....>....#
#...?.@@............%..%
.......#######.........#
....... #.......[.#
.%..... #.........#
#.....# #.........#
##...# ########### ####


You could see Terence.

Vanquished Creatures
  An adder (D:2)
  2 worms (D:2)
  A dart slug (D:1)
  4 ball pythons
  5 bats
  3 endoplasms
  3 hobgoblins (D:1)
  3 jackals (D:1)
  2 quokkas
  A frilled lizard (D:1)
  2 goblins
  2 kobolds
  2 rats
31 creatures vanquished.

Notes
Turn   | Place    | Note
-------+----------+-------------------------------------------
     0 | D:1      | qw the Gargoyle Hexslinger began the quest for the Orb.
     0 | D:1      | Reached XP level 1. HP: 12/12 MP: 2/2
     0 | D:1      | 0 ||| qw: Version: 0.3-a-51-g015441d
     0 | D:1      | 0 ||| qw: Game counter: 3854
     0 | D:1      | 0 ||| qw: Melee chars always use a shield: true
     0 | D:1      | 0 ||| qw: God list: Okawaru
     0 | D:1      | 0 ||| qw: Allow faded altars: false
     0 | D:1      | 0 ||| qw: Do Orc after clearing Dungeon:15 true
     0 | D:1      | 0 ||| qw: Do second Lair branch before Depths: true
     0 | D:1      | 0 ||| qw: Lair rune preference: random
     0 | D:1      | 0 ||| qw: Goals: Normal
     0 | D:1      | 0 ||| PLANNING D:1-11
   183 | D:1      | Reached XP level 2. HP: 16/16 MP: 3/3
   233 | D:1      | Reached skill level 3 in Ranged Weapons
   671 | D:1      | 671 ||| UPGRADING to +0 leather armour.
   681 | D:1      | 681 ||| DROPPING +0 robe.
   682 | D:1      | 682 ||| READING scroll labelled XUNUAWKAFEIC.
   683 | D:1      | 683 ||| DROPPING scroll of poison.
   704 | D:2      | Reached XP level 3. HP: 21/21 MP: 4/4
   911 | D:2      | Noticed Terence
   925 | D:2      | HP: 5/21 [Terence/+4 hand axe of holy wrath (1)]
   926 | D:2      | Slain by Terence

Levels and vault maps discovered:
D:1:      minmay_arrival_doors, layout_basic
D:2:      layout_rooms, uniq_terence

Skill      XL: |  1  2  3 |
---------------+----------+-----
Ranged Weapons | 3 |  3.5
Fighting       | 2 |  2.1
Dodging        | |  1.5
Spellcasting   | |  1.0
Hexes          | |  2.6

Action                     || total
---------------------------++-------
   Fire: Sling             ||   121
    Use: Scroll            ||     1
 Armour: Robe              ||     8
         Leather armour    ||    14
  Dodge: Dodged            ||    40

Table legend:
 A = Non-vault XP
 B = Vault XP
 C = Vault XP percentage of total XP
 D = Non-vault monster count
 E = Vault monster count
 F = Vault count percentage of total count
                 A         B        C        D         E       F
            +---------+---------+-------+---------+---------+-------
      Total |      70 |       0 |   0.0 |      31 |       0 |   0.0
            +---------+---------+-------+---------+---------+-------
        D:1 |      33 |       0 |   0.0 |      18 |       0 |   0.0
        D:2 |      37 |       0 |   0.0 |      13 |       0 |   0.0
            +---------+---------+-------+---------+---------+-------
